 Dungeon Crawl Stone Soup version 0.30.0-29-ga12c61a403 (webtiles) character file.

Game seed: 1065476716108189988

152 GeoRichter the Sneak (level 5, -7/64 HPs)
             Began as a Gnoll Brigand on June 24, 2023.
             Was a Follower of Dithmenos.
             Killed from afar by a steam dragon (9 damage)
             ... with a ball of steam
             ... on level 4 of the Dungeon.
             The game lasted 00:05:20 (2784 turns).

GeoRichter the Sneak (Gnoll Brigand)                Turns: 2784, Time: 00:05:21

Health: -7/64      AC:  6    Str: 10    XL:     5   Next: 34%
Magic:  0/7        EV: 11    Int: 12    God:    Dithmenos [*.....]
Gold:   170        SH:  0    Dex: 14    Spells: 7/7 levels left

rFire   . . .        a - +2 dagger
rCold   . . .        (no shield)
rNeg    . . .        w - +0 ring mail
rPois   .            (no helmet)
rElec   .            c - +0 cloak
rCorr   .            (no gloves)
SInv    +            (no boots)
Will    .....        r - amulet of guardian spirit
Stlth   x              - ring of see invisible
HPRegen 0.30/turn    (no ring)
MPRegen 0.10/turn

%: guardian spirit
@: berserking, wreathed by umbra, very quick
A: fangs 1, strong nose, distributed training
a: Renounce Religion


You were on level 4 of the Dungeon.
You worshipped Dithmenos.
Dithmenos was aware of your devotion.
You visited 1 branch of the dungeon, and saw 4 of its levels.

You collected 170 gold pieces.

Inventory:

Hand Weapons
 a - a +2 dagger (weapon)
Missiles
 d - 8 poisoned darts (quivered)
 e - 3 curare-tipped darts {!f}
Armour
 b - a +0 robe
 c - a +0 cloak (worn)
 w - a +0 ring mail (worn)
   (You found it on level 3 of the Dungeon)
Jewellery
 r - an amulet of guardian spirit (around neck)
   (You found it on level 3 of the Dungeon)
 x - a ring of see invisible (left hand)
   (You found it on level 4 of the Dungeon)
Wands
 t - a wand of flame (14)
   (You found it on level 3 of the Dungeon)
Scrolls
 f - 4 scrolls of identify {unknown}
 i - 2 scrolls of teleportation {unknown}
 j - a scroll of vulnerability {unknown}
 l - a scroll of fog {unknown}
 n - a scroll of torment {unknown}
 o - a scroll of blinking {unknown}
 p - a scroll of poison {unknown}
 s - a scroll of fear {unknown}
 u - a scroll of enchant armour {unknown}
Potions
 g - 2 potions of curing {unknown}
 h - a potion of lignification {unknown}
 k - a potion of berserk rage
 m - a potion of degeneration {unknown}
 q - a potion of mutation {unknown}
 v - a potion of flight {unknown}


   Skills:
 + Level 4.8 Fighting
 + Level 4.8 Short Blades
 + Level 1.5 Long Blades
 + Level 1.5 Axes
 + Level 1.5 Maces & Flails
 + Level 1.5 Polearms
 + Level 1.5 Staves
 + Level 1.5 Ranged Weapons
 + Level 4.8 Throwing
 + Level 1.5 Armour
 + Level 3.0 Dodging
 + Level 7.9 Stealth
 + Level 1.5 Shields
 + Level 1.5 Unarmed Combat
 + Level 1.5 Spellcasting
 + Level 1.2 Conjurations
 + Level 1.2 Hexes
 + Level 1.2 Summonings
 + Level 1.2 Necromancy
 + Level 1.2 Translocations
 + Level 1.2 Transmutations
 + Level 1.2 Fire Magic
 + Level 1.2 Ice Magic
 + Level 1.2 Air Magic
 + Level 1.2 Earth Magic
 + Level 1.2 Poison Magic
 + Level 1.7 Invocations
 + Level 1.5 Evocations


You had 7 spell levels left.
You didn't know any spells.
Your spell library contained the following spells:

 Spells                   Type           Power      Damage    Failure   Level
 Inner Flame              Hex/Fire       3%         N/A       78%         3
 Vhi's Electric Charge    Tloc/Air       6%         N/A       78%         3


Dungeon Overview and Level Annotations

Branches:
Dungeon (4/15) Zot: 21256  Temple (0/1) D:4

Altars:
Dithmenos

Annotations:
D:4 exclusions: goblin and ogre, Pikel


Innate Abilities, Weirdness & Mutations

You have very sharp teeth.
Your uncanny sense of smell can sniff out nearby items.
Your experience applies equally to all skills.


Message History

Dithmenos accepts your kill.
You see here a +0 dagger.
The steam dragon hisses angrily.
The steam dragon breathes steam at you. The ball of steam hits you!
You are engulfed in a cloud of scalding steam.
The steam dragon breathes steam at you. The ball of steam misses you.
You hit the steam dragon.
The steam dragon is lightly wounded.
The steam dragon bites you. The steam dragon closely misses you.
You hit the steam dragon but do no damage.
The steam dragon is lightly wounded.
You are engulfed in a cloud of scalding steam.
* * * LOW HITPOINT WARNING * * *
You hit the steam dragon.
The steam dragon is lightly wounded.
The steam dragon misses you. The steam dragon barely misses you.
You barely miss the steam dragon. You punch the steam dragon.
The steam dragon is moderately wounded.
The steam dragon barely misses you. The steam dragon claws you.
* * * LOW HITPOINT WARNING * * *
You hit the steam dragon.
The steam dragon is moderately wounded.
The steam dragon bites you!
* * * LOW HITPOINT WARNING * * *
The steam dragon claws you but does no damage.
You hit the steam dragon but do no damage.
The steam dragon is moderately wounded.
You hit the steam dragon. Your bite misses the steam dragon.
The steam dragon is moderately wounded.
The steam dragon breathes steam at you. The ball of steam hits you.
* * * LOW HITPOINT WARNING * * *
You hit the steam dragon.
The steam dragon is heavily wounded.
You are engulfed in a cloud of scalding steam.
* * * LOW HITPOINT WARNING * * *
The steam dragon bites you.
* * * LOW HITPOINT WARNING * * *
The steam dragon claws you but does no damage.
The steam dragon bites you.
* * * LOW HITPOINT WARNING * * *
The steam dragon closely misses you.
It was a potion of berserk rage.
A red film seems to cover your vision as you go berserk!
You feel yourself moving faster!
You feel mighty! The steam dragon breathes steam at you.
The ball of steam hits you!
You die...

∆ #############∆
#.#.#.§.#.#)#
##)#..§§.#.## ##
#.#..#.#..#.# ..##
##..##.##..## ...#
#..##§..##..#. #..#
#.##.@D..##.#. #..
#..##...##..#.#######.
##..##!##.†##.....(...
#.#..###..#.#.........
##.#..#..#.##..#..#...
#.#)#...#.#.##...##...
.######.######.........
....................#..
####...................


You could see a steam dragon (catching breath).

Vanquished Creatures
  An iguana (D:4)
  5 adders
  2 dart slugs
  3 orcs
  10 bats
  8 endoplasms
  4 giant cockroaches (D:2)
  7 goblins
  5 hobgoblins
  2 jackals (D:1)
  5 kobolds
  5 quokkas
  7 ball pythons
  5 frilled lizards
  4 rats
73 creatures vanquished.

Notes
Turn   | Place    | Note
-------+----------+-------------------------------------------
     0 | D:1      | GeoRichter the Gnoll Brigand began the quest for the Orb.
     0 | D:1      | Reached XP level 1. HP: 20/20 MP: 1/1
   168 | D:1      | Reached XP level 2. HP: 24/26 MP: 2/2
   945 | D:2      | Reached XP level 3. HP: 31/31 MP: 3/3
  1019 | D:2      | Reached skill level 1 in Invocations
  1174 | D:2      | Reached skill level 1 in Long Blades
  1174 | D:2      | Reached skill level 1 in Axes
  1174 | D:2      | Reached skill level 1 in Maces & Flails
  1174 | D:2      | Reached skill level 1 in Polearms
  1174 | D:2      | Reached skill level 1 in Staves
  1174 | D:2      | Reached skill level 1 in Ranged Weapons
  1174 | D:2      | Reached skill level 1 in Armour
  1174 | D:2      | Reached skill level 1 in Shields
  1174 | D:2      | Reached skill level 1 in Unarmed Combat
  1174 | D:2      | Reached skill level 1 in Spellcasting
  1174 | D:2      | Reached skill level 1 in Evocations
  1235 | D:2      | Reached XP level 4. HP: 38/38 MP: 5/5
  1363 | D:2      | Found a faded altar of an unknown god.
  1475 | D:2      | Prayed at the altar of an unknown god.
  1475 | D:2      | Became a worshipper of Dithmenos the Shadowed
  1475 | D:2      | Reached * piety under Dithmenos
  1935 | D:2      | Reached skill level 1 in Conjurations
  1935 | D:2      | Reached skill level 1 in Hexes
  1935 | D:2      | Reached skill level 1 in Summonings
  1935 | D:2      | Reached skill level 1 in Necromancy
  1935 | D:2      | Reached skill level 1 in Translocations
  1935 | D:2      | Reached skill level 1 in Transmutations
  1935 | D:2      | Reached skill level 1 in Fire Magic
  1935 | D:2      | Reached skill level 1 in Ice Magic
  1935 | D:2      | Reached skill level 1 in Air Magic
  1935 | D:2      | Reached skill level 1 in Earth Magic
  1935 | D:2      | Reached skill level 1 in Poison Magic
  2613 | D:4      | Found a staircase to the Ecumenical Temple.
  2618 | D:4      | Noticed Pikel
  2618 | D:4      | Noticed a lemure
  2646 | D:4      | Noticed an ogre
  2692 | D:4      | Got Tikk's Precepts of the Faeries and Coordinates
  2734 | D:4      | Reached XP level 5. HP: 43/43 MP: 7/7
  2741 | D:4      | Noticed a steam dragon
  2782 | D:4      | HP: 2/43 [steam dragon] (4)]
  2784 | D:4      | Killed from afar by a steam dragon

Illustrated notes

Levels and vault maps discovered:
D:1:      dpeg_arrival_ternary, layout_basic, kennysheep_decorative_pillar,
          amcnicky_mini_corridor_feature, moated_statue
D:2:      layout_basic, hellmonk_ecumenical_altar_arch_garden
D:3:      layout_loops_ring
D:4:      minmay_diamond_boxcup, layout_rooms, nicolae_tso_swordbearing_angel,
          minmay_temple_entry_junction, uniq_pikel

Skill      XL: |  1  2  3  4 |
---------------+-------------+-----
Invocations    | 1 |  1.7
Long Blades    | 1 |  1.5
Axes           | 1 |  1.5
Maces & Flails | 1 |  1.5
Polearms       | 1 |  1.5
Staves         | 1 |  1.5
Ranged Weapons | 1 |  1.5
Armour         | 1 |  1.5
Shields        | 1 |  1.5
Unarmed Combat | 1 |  1.5
Spellcasting   | 1 |  1.5
Evocations     | 1 |  1.5
Conjurations   | 1 |  1.2
Hexes          | 1 |  1.2
Summonings     | 1 |  1.2
Necromancy     | 1 |  1.2
Translocations | 1 |  1.2
Transmutations | 1 |  1.2
Fire Magic     | 1 |  1.2
Ice Magic      | 1 |  1.2
Air Magic      | 1 |  1.2
Earth Magic    | 1 |  1.2
Poison Magic   | 1 |  1.2
Dodging        | 3 |  3.0
Fighting       | |  4.8
Short Blades   | |  4.8
Throwing       | |  4.8
Stealth        | |  7.9

Action                     |  1- 3 |  4- 6 || total
---------------------------+-------+-------++-------
  Melee: Dagger            |    90 |    76 ||   166
         Bite              |     7 |     4 ||    11
         Punch             |     1 |     1 ||     2
  Throw: Dart              |     7 |       ||     7
    Use: Potion            |       |     1 ||     1
   Stab: Sleeping          |    10 |    21 ||    31
 Armour: Robe              |    12 |     7 ||    19
         Ring mail         |       |     2 ||     2
  Dodge: Dodged            |    51 |    25 ||    76
